[Event "Titled Tuesday Blitz November 29 Late 2022"]
[White "Curtis, John"]
[Black "Chernomordik, Pavel"]
[WhiteFideId "3200256"]
[BlackFideId "2804530"]
[WhiteElo "2203"]
[BlackElo "2192"]
[Result "1-0"]
[Round "11"]
[TimeControl "180+1"]
[Date "2022.11.30"]
[WhiteClock "0:00:21"]
[BlackClock "0:00:30"]

1. e4 g6 2. d4 Bg7 3. Nf3 d6 4. Bc4 e6 5. Bb3 b6 6. O-O Bb7 7. Re1 Nd7 8. a4 a6 9. c3 Ne7 10. Bf4 h6 11. h3 g5 12. Bh2 Ng6 13. Nbd2 O-O 14. Nc4 Kh7 15. e5 d5 16. Ne3 c5 17. Bc2 Kh8 18. Bg3 f5 19. exf6 Qxf6 20. Ng4 Qf7 21. Qd3 Qf5 22. Qe2 Qf7 23. Qxe6 Qxe6 24. Rxe6 Nf4 25. Bxf4 Rxf4 26. Re7 Bc6 27. Nge5 Nxe5 28. Nxe5 Bxe5 29. dxe5 Raf8 30. Rh7+ Kg8 31. f3 Be8 32. Rxh6 b5 33. axb5 Bxb5 34. Rd1 d4 35. cxd4 Rxd4 36. Rxd4 cxd4 37. Rd6 Rc8 38. Bf5 Rc1+ 39. Kh2 Rc5 40. Rxd4 Rxe5 41. Bd3 Kf7 42. Bxb5 Rxb5 43. b4 Kf6 44. h4 Ke5 45. Rg4 gxh4 46. Rxh4 Rb7 47. Rh6 Rxb4 48. Rxa6 Kf4 49. Rf6+ Kg5 50. Rf8 Kh4 51. g3+ Kg5 52. Kh3 Rb3 53. f4+ Kg6 54. Kg4 Kg7 55. Rc8 Kf6 56. Rc6+ Kf7 57. f5 Re3 58. Kf4 Re1 59. g4 Rf1+ 60. Kg5 Rd1 61. Rc7+ Kf8 62. Kg6 Rd8 63. f6 Kg8 64. Rg7+ Kf8 65. Rh7 Kg8 66. f7+ Kf8 67. Rh8+ Ke7 68. Rxd8 Kxd8 69. f8=Q+ 1-0


[Site "https://www.chess.com"]

[Event "Titled Tuesday Blitz November 29 Late 2022"]
[White "Czopor, Maciej"]
[Black "Hardaway, Brewington"]
[WhiteFideId "21805431"]
[BlackFideId "30941849"]
[WhiteElo "2324"]
[BlackElo "2159"]
[Result "1-0"]
[Round "11"]
[TimeControl "180+1"]
[Date "2022.11.30"]
[WhiteClock "0:00:37"]
[BlackClock "0:01:26"]

1. c4 Nf6 2. Nc3 e6 3. e4 e5 4. Nf3 d6 5. d4 exd4 6. Nxd4 g6 7. Be2 Bg7 8. Be3 O-O 9. O-O Re8 10. Bf3 Nbd7 11. b3 h5 12. h3 Nc5 13. Qc2 Nfd7 14. Rad1 Ne5 15. Be2 Ne6 16. Nxe6 Bxe6 17. f4 Nc6 18. Nd5 Bxd5 19. cxd5 Nb4 20. Qc4 Nxa2 21. Bf3 b5 22. Qc2 Nc3 23. Rde1 b4 24. Bf2 a5 25. Bg3 h4 26. Bh2 Bd4+ 27. Kh1 Qf6 28. Bg4 Qg7 29. Qd3 a4 30. bxa4 Rxa4 31. Bd7 Rea8 32. Bxa4 Rxa4 33. e5 Bc5 34. e6 Ra8 35. f5 Qd4 36. exf7+ Kg7 37. Qxd4+ Bxd4 38. Re8 Kxf7 39. Rxa8 gxf5 40. Rxf5+ Kg6 41. Rf4 Bc5 42. Rg8+ Kh7 43. Rgg4 b3 44. Rf7+ Kh8 45. Rf5 1-0


[Site "https://www.chess.com"]

[Event "Titled Tuesday Blitz November 29 Late 2022"]
[White "De Souza, Cristiano Gomes"]
[Black "Burke, Paul"]
[WhiteFideId "2151758"]
[BlackFideId "2605767"]
[WhiteElo "2068"]
[BlackElo "1924"]
[Result "0-1"]
[Round "11"]
[TimeControl "180+1"]
[Date "2022.11.30"]
[WhiteClock "0:02:07"]
[BlackClock "0:01:26"]

1. d4 Nf6 2. c4 c5 3. d5 Ne4 4. Nd2 Qa5 5. Qc2 Nf6 6. b3 d6 7. Bb2 Qd8 8. e4 Nbd7 9. f4 e5 10. f5 Be7 11. Be2 O-O 12. g4 h5 13. g5 Ng4 14. h4 Ne3 15. Qd3 Ng2+ 16. Kf1 Nf4 17. Qe3 Bxg5 18. hxg5 Qxg5 19. Rh2 Nf6 20. Ndf3 Qg3 21. Rf2 Ng4 0-1


[Site "https://www.chess.com"]

[Event "Titled Tuesday Blitz November 29 Late 2022"]
[White "Deac, Bogdan-Daniel"]
[Black "Carlsen, Magnus"]
[WhiteFideId "1226380"]
[BlackFideId "1503014"]
[WhiteElo "2648"]
[BlackElo "2830"]
[Result "0-1"]
[Round "11"]
[TimeControl "180+1"]
[Date "2022.11.30"]
[WhiteClock "0:00:03"]
[BlackClock "0:00:09"]

1. d4 d5 2. c4 e6 3. Nf3 Nf6 4. g3 Bb4+ 5. Bd2 a5 6. Bg2 dxc4 7. Qc2 b6 8. Qxc4 Bb7 9. Bxb4 axb4 10. O-O Nc6 11. Nbd2 O-O 12. Rfc1 h6 13. e3 Ra7 14. Ne1 Nd5 15. Qb3 Qd7 16. Nd3 Rfa8 17. Nc4 Qd8 18. Nde5 Nxe5 19. Nxe5 Qd6 20. Nd3 Qe7 21. h4 Ra4 22. Rc2 R8a5 23. Rac1 c6 24. Ne5 c5 25. Nc4 Ra6 26. e4 b5 27. exd5 bxc4 28. Rxc4 Bxd5 29. Bxd5 exd5 30. Rxc5 Rxa2 31. Rxd5 Ra1 32. Rc5 Qxc5 33. dxc5 Rxc1+ 34. Kg2 Rxc5 35. Qxb4 Rc8 36. Qb7 Raa8 37. b4 Rab8 38. Qe4 Rc7 39. Qf4 Rcb7 40. Qd6 Rxb4 41. Qc5 Rb2 42. Qe5 R2b5 43. Qd6 Ra8 44. Qc6 Rba5 45. g4 Ra2 46. Kg3 R2a6 47. Qb7 Ra3+ 48. f3 R3a7 49. Qb6 Ra6 50. Qb7 R6a7 51. Qb6 Re7 52. Qc6 Rae8 53. g5 Re6 54. Qd7 h5 55. Qd5 g6 56. Qd7 Re5 57. Qd6 R8e6 58. Qd8+ Kh7 59. Qd4 Rf5 60. Qd3 Re1 61. Qc3 Rg1+ 62. Kf2 Rg4 63. Qc7 Rxh4 64. Kg3 Rd4 65. Qe7 Rdf4 66. Qe3 Rxf3+ 0-1


[Site "https://www.chess.com"]

[Event "Titled Tuesday Blitz November 29 Late 2022"]
[White "Domingo Nunez, Ruben"]
[Black "D`Arruda, Ricardo D."]
[WhiteFideId "22245570"]
[BlackFideId "100692"]
[WhiteElo "2406"]
[BlackElo "2464"]
[Result "1-0"]
[Round "11"]
[TimeControl "180+1"]
[Date "2022.11.30"]
[WhiteClock "0:02:20"]
[BlackClock "0:01:26"]

1. e4 c6 2. Nf3 d5 3. Nc3 Nf6 4. e5 Ne4 5. Ne2 g6 6. h4 Bg4 7. d3 Nc5 8. Ng3 h5 9. Be3 Nbd7 10. Be2 Bg7 11. d4 Ne4 12. Nxe4 dxe4 13. Ng5 Bxe2 14. Qxe2 Qa5+ 15. Bd2 Qd5 16. Qxe4 Qxe4+ 17. Nxe4 O-O-O 18. O-O-O Nb6 19. Bb4 Rhf8 20. Bxe7 1-0


[Site "https://www.chess.com"]

[Event "Titled Tuesday Blitz November 29 Late 2022"]
[White "Dylag, Emilia"]
[Black "Risteski, Emil"]
[WhiteFideId "21805172"]
[BlackFideId "15005267"]
[WhiteElo "1878"]
[BlackElo "2251"]
[Result "0-1"]
[Round "11"]
[TimeControl "180+1"]
[Date "2022.11.30"]
[WhiteClock "0:00:18"]
[BlackClock "0:00:18"]

1. d4 f5 2. c4 Nf6 3. Nc3 e6 4. Qc2 Bb4 5. e3 b6 6. Bd3 Bb7 7. f3 Nh5 8. a3 Bxc3+ 9. bxc3 Qh4+ 10. Qf2 Qxf2+ 11. Kxf2 c5 12. Ne2 Nc6 13. Bd2 Na5 14. Rab1 Ba6 15. g4 fxg4 16. fxg4 Nf6 17. g5 Nd5 18. cxd5 Bxd3 19. Rbg1 Be4 20. dxe6 dxe6 21. Nf4 Kd7 22. dxc5 bxc5 23. c4 Nxc4 24. Bc3 Bxh1 25. Rxh1 e5 26. Rd1+ Kc6 27. Nd5 Rhf8+ 28. Ke2 Rf7 29. e4 Raf8 30. Be1 Nd6 31. Bg3 Nxe4 32. Bxe5 Rd7 33. Ne3 Rxd1 34. Kxd1 g6 35. Ng4 Nxg5 36. Bf6 Ne4 37. Be7 Re8 38. Bh4 h5 39. Ne3 g5 40. Be1 Nc3+ 41. Kd2 Nb1+ 42. Kd3 Nxa3 43. Nf5 Rxe1 0-1


[Site "https://www.chess.com"]

[Event "Titled Tuesday Blitz November 29 Late 2022"]
[White "Espinosa, Pedro"]
[Black "Seletsky, Grigory"]
[WhiteFideId "30921066"]
[BlackFideId "14112191"]
[WhiteElo "2016"]
[BlackElo "2492"]
[Result "1-0"]
[Round "11"]
[TimeControl "180+1"]
[Date "2022.11.30"]
[WhiteClock "0:00:50"]
[BlackClock "0:00:01"]

1. d4 c5 2. dxc5 e6 3. Nc3 Nf6 4. e3 Bxc5 5. Nf3 d5 6. Be2 Nc6 7. O-O O-O 8. Nd4 e5 9. Nb3 Bb6 10. e4 dxe4 11. Bg5 Bf5 12. Bb5 Nd4 13. Bc4 h6 14. Bh4 Rc8 15. Be2 Nxb3 16. axb3 Qxd1 17. Raxd1 Bd4 18. Bc4 Rfd8 19. Nd5 Nxd5 20. Bxd8 Rxd8 21. c3 e3 22. cxd4 exf2+ 23. Rxf2 Ne3 24. Re1 Nxc4 25. bxc4 Bg6 26. dxe5 Rd4 27. Rfe2 Rxc4 28. e6 fxe6 29. Rxe6 Bf7 30. R6e3 Rb4 31. R1e2 a5 32. Rd2 a4 33. Rc3 Bc4 34. Re3 Bf7 35. h3 b5 36. Rc3 Rf4 37. Rc8+ Kh7 38. Rb8 Bc4 39. Rb7 Rf6 40. Rdd7 Rg6 41. Kf2 Rf6+ 42. Ke3 Rg6 43. g4 h5 44. gxh5 Rg5 45. Kd4 Kh6 46. Rd8 Rxh5 47. Rh8+ Kg6 48. Rxg7+ Kxg7 49. Rxh5 Kg6 50. Rc5 Bf1 51. h4 1-0


[Site "https://www.chess.com"]

[Event "Titled Tuesday Blitz November 29 Late 2022"]
[White "Ezat, Mohamed"]
[Black "Gatterer, Florian"]
[WhiteFideId "10600906"]
[BlackFideId "811688"]
[WhiteElo "2386"]
[BlackElo "2218"]
[Result "0-1"]
[Round "11"]
[TimeControl "180+1"]
[Date "2022.11.30"]
[WhiteClock "0:00:18"]
[BlackClock "0:00:14"]

1. e4 c6 2. d4 d5 3. e5 Bf5 4. Nc3 e6 5. g4 Bg6 6. Nge2 h5 7. Nf4 Bh7 8. Nxh5 c5 9. Be3 Nc6 10. Bb5 cxd4 11. Bxd4 a6 12. Bxc6+ bxc6 13. f4 Bg6 14. Ng3 c5 15. Bf2 Rb8 16. b3 Qa5 17. Qd2 Ne7 18. O-O Nc6 19. Rae1 c4 20. f5 Bh7 21. fxe6 fxe6 22. Qe3 Bb4 23. Nge2 Rf8 24. Bh4 Bc5 25. Rxf8+ Kxf8 26. Bf2 Bxe3 27. Bxe3 Bxc2 28. Rf1+ Kg8 29. Na4 Rf8 30. Rc1 Bd3 31. Nf4 Nxe5 32. Nc5 Nxg4 33. Nfxe6 Nxe3 34. Nxf8 Kxf8 35. bxc4 Qd2 36. Nxd3 Qg2# 0-1


[Site "https://www.chess.com"]

[Event "Titled Tuesday Blitz November 29 Late 2022"]
[White "Figorito, Nick"]
[Black "Tarnowska, Aleksandra"]
[WhiteFideId "30923689"]
[BlackFideId "1180967"]
[WhiteElo "2323"]
[BlackElo "1776"]
[Result "1-0"]
[Round "11"]
[TimeControl "180+1"]
[Date "2022.11.30"]
[WhiteClock "0:00:18"]
[BlackClock "0:00:18"]

1. Nf3 d5 2. g3 Nf6 3. Bg2 c6 4. O-O Bf5 5. d4 e6 6. c4 Be7 7. Nc3 O-O 8. cxd5 exd5 9. Ne5 Nbd7 10. Nxd7 Qxd7 11. Bf4 Rfe8 12. a3 Bh3 13. Bg5 Qg4 14. Bxf6 Bxf6 15. e3 Qf5 16. Bxh3 Qxh3 17. Qf3 Re6 18. Qg2 Qh5 19. Rfe1 Rae8 20. Ne2 Bg5 21. Nc3 Qg4 22. b4 Qxd4 23. Na4 Bxe3 24. Red1 Bxf2+ 25. Qxf2 Qg4 26. Rf1 f6 27. Rae1 Rxe1 28. Rxe1 Rd8 29. Nc5 h6 30. Nxb7 Rb8 31. Na5 Rc8 32. Qxa7 d4 33. Qe7 d3 34. Qe6+ Qxe6 35. Rxe6 Rd8 36. Re1 Rd6 37. Rd1 Kf7 38. Kf2 Ke6 39. Ke3 Rd8 40. Rxd3 Ra8 41. Nxc6 f5 42. Nd4+ Ke5 43. Nc6+ Ke6 44. b5 g5 45. Nd4+ Ke5 46. Rb3 f4+ 47. gxf4+ gxf4+ 48. Kd3 Rd8 49. Rb4 f3 50. Ke3 f2 51. Kxf2 Rf8+ 52. Ke3 Kd5 53. b6 Re8+ 54. Kd3 Kc5 55. b7 Rb8 56. Rb5+ Kd6 57. a4 Kc7 58. a5 h5 59. a6 h4 60. Rc5+ Kb6 61. Rc8 Ka7 62. Rxb8 Kxb8 63. Ke4 h3 64. Kf4 Ka7 65. Kg3 Kb8 66. Kxh3 Kc7 67. Kg4 Kb8 68. h4 Ka7 69. h5 Kxa6 70. h6 Kxb7 71. h7 Kb6 72. h8=Q Kc5 73. Nf3 Kb5 74. Qe5+ Kc4 75. Qd6 Kb5 76. Qd4 Ka5 77. Qb2 Ka6 78. Kf5 Ka7 79. Ke5 Ka8 80. Kd5 1-0


[Site "https://www.chess.com"]

[Event "Titled Tuesday Blitz November 29 Late 2022"]
[White "Floresvillar Gonzalez, Luis Migu"]
[Black "Joubert, Dantelle"]
[WhiteFideId "5100542"]
[BlackFideId "14310813"]
[WhiteElo "2040"]
[BlackElo "1507"]
[Result "1/2-1/2"]
[Round "11"]
[TimeControl "180+1"]
[Date "2022.11.30"]
[WhiteClock "0:00:12"]
[BlackClock "0:00:18"]

1. e4 e5 2. f4 exf4 3. Nf3 d5 4. exd5 Nf6 5. d4 Bd6 6. c4 b6 7. Be2 O-O 8. O-O Bg4 9. Ne5 Bxe2 10. Qxe2 Re8 11. Bxf4 c6 12. dxc6 Bxe5 13. dxe5 Nxc6 14. Nc3 Qd4+ 15. Qf2 Qxf2+ 16. Rxf2 Nxe5 17. Bxe5 Rxe5 18. Rd1 Kf8 19. h3 Rc8 20. b3 Re3 21. Nd5 Nxd5 22. Rxd5 Rc7 23. Rd8+ Ke7 24. Rh8 h6 25. Rg8 Rg3 26. Kh2 Rg5 27. g4 f6 28. Rf5 Rxf5 29. Rxg7+ Kd6 30. Rxc7 Rf2+ 31. Kg3 Rxa2 32. Rh7 Ra3 33. Rxh6 Rxb3+ 34. Kf4 Ke6 35. g5 Rc3 36. Rxf6+ Kd7 37. h4 Rxc4+ 38. Kg3 b5 39. Ra6 Rc7 40. h5 Ke8 41. h6 Kf8 42. g6 Kg8 43. Kf4 b4 44. Rd6 Rc8 45. Rd7 Rb8 46. Rxa7 b3 47. Ra1 b2 48. Rb1 Rb6 49. Kf5 Rb5+ 50. Kf6 Rb6+ 51. Kg5 Rb5+ 52. Kf6 Rb6+ 53. Kf5 Rb5+ 54. Kg4 Rb4+ 55. Kh5 Rb5+ 56. Kg4 Rb4+ 57. Kf5 Rb5+ 1/2-1/2


[Site "https://www.chess.com"]

[Event "Titled Tuesday Blitz November 29 Late 2022"]
[White "Gasparyan, David"]
[Black "Goncalves, Davi Sulzbacher"]
[WhiteFideId "13311980"]
[BlackFideId "2154510"]
[WhiteElo "2379"]
[BlackElo "2182"]
[Result "0-1"]
[Round "11"]
[TimeControl "180+1"]
[Date "2022.11.30"]
[WhiteClock "0:00:02"]
[BlackClock "0:00:36"]

1. Nf3 c6 2. d4 Nf6 3. Bg5 Ne4 4. Bf4 g5 5. Nxg5 Nxg5 6. Bxg5 Rg8 7. Qd2 Qb6 8. Nc3 Rxg5 9. Qxg5 Qxb2 10. Rd1 Qxc3+ 11. Qd2 Qxd2+ 12. Rxd2 d5 13. e3 Nd7 14. f4 Nf6 15. Bd3 e6 16. c3 Bd7 17. Ke2 c5 18. Rb2 b6 19. h3 Rc8 20. Ba6 Rc7 21. Bd3 Ba4 22. Kf3 cxd4 23. cxd4 Rc3 24. Rd2 Bb4 25. Rb1 a5 26. Be2 Ne4 27. Rd3 Rxd3 28. Bxd3 Nd2+ 29. Kg4 Nxb1 30. Bxb1 Bd2 31. e4 dxe4 32. Bxe4 f5+ 33. Bxf5 Bd1+ 34. Kg5 exf5 35. Kxf5 Ke7 36. Ke5 b5 37. d5 Bc3+ 38. Kf5 Bc2+ 39. Kg5 b4 40. g4 Bb1 41. f5 Bxa2 42. Kh6 Bxd5 43. Kxh7 b3 44. g5 b2 45. g6 b1=Q 46. h4 Qxf5 47. Kh6 Qf8+ 48. Kh5 Bf3+ 49. Kg5 Bd2# 0-1


[Site "https://www.chess.com"]

[Event "Titled Tuesday Blitz November 29 Late 2022"]
[White "Gerbelli Neto, Eduardo"]
[Black "Estrada Nieto, Julian"]
[WhiteFideId "2103281"]
[BlackFideId "5101018"]
[WhiteElo "2178"]
[BlackElo "2221"]
[Result "0-1"]
[Round "11"]
[TimeControl "180+1"]
[Date "2022.11.30"]
[WhiteClock "0:00:01"]
[BlackClock "0:00:14"]

1. e4 e5 2. Nf3 Nc6 3. d4 exd4 4. Nxd4 Nf6 5. Nc3 Bb4 6. Nxc6 bxc6 7. Bd3 d5 8. e5 Ng4 9. Bf4 f6 10. O-O fxe5 11. Bxe5 Nxe5 12. Qh5+ Nf7 13. Rfe1+ Kf8 14. Rad1 Bxc3 15. bxc3 Qg5 16. Qe2 Bg4 17. f3 Bd7 18. f4 Qf6 19. c4 Re8 20. Qf2 d4 21. Rxe8+ Bxe8 22. Rb1 g6 23. Rb7 Qd6 24. f5 Kg7 25. Rxa7 Bd7 26. c5 Qe5 27. f6+ Qxf6 28. Rxc7 Qxf2+ 29. Kxf2 Ne5 30. Be4 Kf6 31. Ra7 Rb8 32. a4 Rb2 33. Kg3 Bf5 34. Bxf5 Kxf5 35. Rxh7 Rxc2 36. a5 Rc3+ 37. Kf2 Rxc5 38. a6 Ra5 39. a7 Ra2+ 40. Ke1 d3 41. Kd1 Ke4 42. Re7 Kd4 43. Kc1 d2+ 44. Kd1 c5 45. Re8 c4 0-1


[Site "https://www.chess.com"]

[Event "Titled Tuesday Blitz November 29 Late 2022"]
[White "Graif, William"]
[Black "Pinheiro, Iung Alicio de O."]
[WhiteFideId "2609835"]
[BlackFideId "2104350"]
[WhiteElo "2205"]
[BlackElo "2283"]
[Result "1-0"]
[Round "11"]
[TimeControl "180+1"]
[Date "2022.11.30"]
[WhiteClock "0:00:16"]
[BlackClock "0:00:24"]

1. e4 c5 2. Nc3 Nc6 3. Bb5 Nd4 4. Nf3 e6 5. O-O a6 6. Bd3 Nc6 7. e5 Qc7 8. Re1 Nge7 9. b3 Ng6 10. Bb2 Be7 11. Bxg6 hxg6 12. Ne4 b6 13. d4 cxd4 14. Bxd4 Bb7 15. Bb2 Rh5 16. Nd6+ Bxd6 17. exd6 Qd8 18. Qd3 Kf8 19. Rad1 Rc8 20. c4 b5 21. Rc1 Rf5 22. c5 Nb4 23. Qc3 f6 24. Qxb4 Bxf3 25. gxf3 Rxf3 26. Re3 Rf5 27. Rh3 Kf7 28. Rcc3 Rc6 29. Qd4 a5 30. a3 b4 31. axb4 axb4 32. Qxb4 Qc8 33. Qd4 Rcxc5 34. Rxc5 Rxc5 35. Rc3 Rg5+ 36. Kf1 Qa6+ 37. Qc4 Qxd6 38. Rd3 Qe7 39. Qd4 d5 40. b4 Qb7 41. Qc5 Qa6 42. Ke2 Rg4 43. Kd2 Rc4 44. Qe3 Qb5 45. Rb3 e5 46. Qa7+ Kg8 47. Qa8+ Kh7 48. Qa5 Qxa5 49. bxa5 Ra4 50. Bc3 d4 51. Bb4 e4 52. Kc2 Ra1 53. Bd2 e3 54. fxe3 dxe3 55. Rxe3 g5 56. Kb2 Ra4 57. Ra3 Rd4 58. Bc3 Rd8 59. a6 Ra8 60. a7 f5 61. Bd4 f4 62. Rb3 Kg6 63. Rb8 Rxa7 64. Bxa7 Kf5 65. Rb7 g4 66. Rxg7 f3 67. Kc3 Kf4 68. Kd3 g3 69. hxg3+ Kf5 70. Bf2 Ke5 71. Ke3 Kf5 72. Ra7 Ke5 73. Ra4 Kf5 74. Kxf3 Ke5 75. g4 Kd5 76. Rf4 Kc6 77. g5 Kd5 78. g6 Ke5 79. g7 Kd5 80. g8=Q+ Ke5 81. Qg5+ Ke6 82. Rf6+ Ke7 83. Qg7+ Ke8 84. Rf8# 1-0


[Site "https://www.chess.com"]

[Event "Titled Tuesday Blitz November 29 Late 2022"]
[White "Gurevich, Dmitry"]
[Black "Nepo"]
[WhiteFideId "2000407"]
[WhiteElo "2506"]
[BlackElo "2228"]
[Result "1/2-1/2"]
[Round "11"]
[TimeControl "180+1"]
[Date "2022.11.30"]
[WhiteClock "0:00:06"]
[BlackClock "0:00:49"]

1. d4 Nf6 2. c4 e6 3. Nc3 d5 4. Bg5 Be7 5. e3 c6 6. Nf3 O-O 7. Rc1 Nbd7 8. a3 h6 9. Bh4 Nb6 10. c5 Nbd7 11. h3 Nh7 12. Bg3 Re8 13. Bd3 Bf6 14. Qc2 Nhf8 15. e4 e5 16. exd5 exd4+ 17. Ne2 cxd5 18. O-O Ne6 19. c6 bxc6 20. Qxc6 Nb6 21. Rfe1 Bd7 22. Qb7 Bc8 23. Qc6 Bd7 24. Qc2 Rc8 25. Qb3 Nc5 26. Qd1 Ba4 27. Qd2 Nb3 28. Rxc8 Qxc8 29. Qb4 Nc5 30. Qd2 Nxd3 31. Qxd3 Qc4 32. Nf4 Qxd3 33. Rxe8+ Bxe8 34. Nxd3 Nc4 35. Bb8 a6 36. Ba7 Bb5 37. Nb4 Nxb2 38. Nxd5 d3 39. Nxf6+ gxf6 40. Nd2 Nc4 41. Nxc4 Bxc4 42. Be3 h5 43. f3 f5 44. Kf2 Kg7 45. Bf4 Kf6 46. Ke3 Ke6 47. Kd2 Kd5 48. Bh6 Bb5 49. Bf8 Kc4 50. Be7 a5 51. Bf8 a4 52. Be7 Bd7 53. Bf8 Be6 54. Be7 Bd7 55. Bf8 Bb5 56. Be7 Kd4 57. Bf8 Ke5 58. Bh6 Kf6 59. Bf4 Ke6 60. h4 f6 61. g3 Kd5 62. Bb8 Kc4 63. Bf4 Bc6 64. Bb8 Bxf3 65. Bc7 Be2 66. Bd6 Kd5 67. Bf4 Ke4 68. Bd6 Kf3 69. Bf4 Kg4 70. Ke1 Bf3 71. Kd2 Be4 72. Ke3 Kh3 73. Kd2 Kg2 74. Ke3 Kf1 75. Kd2 Kf2 76. Bd6 f4 77. Bxf4 f5 78. Bd6 Kf3 79. Bf4 Bc6 80. Bd6 Bb5 81. Bf4 Ke4 82. Bd6 Kd5 83. Bf4 Kc4 84. Bd6 Kb3 85. Be7 Bc4 86. Bf8 Ba6 87. Be7 Bc4 88. Bf8 Bb5 89. Be7 Kc4 90. Bf8 Kd5 91. Be7 Ke5 92. Bg5 Ke4 93. Bf4 Kd4 94. Bc7 Kc4 95. Bd6 Kd5 96. Bc7 Ba6 97. Bb8 Kc6 98. Be5 Kc5 99. Bf4 Kd5 100. Bc7 Kc4 101. Bd6 Bb7 102. Be7 Be4 103. Bf8 f4 104. gxf4 Bf5 105. Be7 Kd5 106. Bg5 Ke4 107. Be7 Kd5 108. Bd8 Ke6 109. Bg5 Kd5 110. Bd8 Kc4 111. Be7 Kd4 112. Bf8 Kc4 113. Be7 1/2-1/2


[Site "https://www.chess.com"]

[Event "Titled Tuesday Blitz November 29 Late 2022"]
[White "Hambleton, Aman"]
[Black "Rodriguez Fontecha, Marcos"]
[WhiteFideId "2606577"]
[BlackFideId "2256576"]
[WhiteElo "2538"]
[BlackElo "2263"]
[Result "1-0"]
[Round "11"]
[TimeControl "180+1"]
[Date "2022.11.30"]
[WhiteClock "0:00:07"]
[BlackClock "0:00:51"]

1. d4 d5 2. Bf4 Nf6 3. e3 c5 4. c3 Nc6 5. Nd2 Qb6 6. Qb3 c4 7. Qc2 g6 8. e4 dxe4 9. Nxc4 Qd8 10. Ne2 Bg7 11. Ng3 Nd5 12. Qxe4 Nxf4 13. Qxf4 O-O 14. Be2 b5 15. Ne3 e5 16. dxe5 Bxe5 17. Qe4 Bb7 18. O-O Re8 19. Rad1 Qc8 20. Bg4 f5 21. Nexf5 gxf5 22. Bxf5 Qb8 23. Rd7 Bg7 24. Qd5+ Kh8 25. Qf7 Qe5 26. Rxb7 Rf8 27. Qh5 h6 28. Qg6 1-0


[Site "https://www.chess.com"]

[Event "Titled Tuesday Blitz November 29 Late 2022"]
[White "Han, Yichen"]
[Black "Chlpik, Martin"]
[WhiteFideId "1054430"]
[BlackFideId "14923351"]
[WhiteElo "2323"]
[BlackElo "2109"]
[Result "1-0"]
[Round "11"]
[TimeControl "180+1"]
[Date "2022.11.30"]
[WhiteClock "0:00:14"]
[BlackClock "0:00:02"]

1. d4 Nf6 2. c4 c5 3. d5 e6 4. Nc3 exd5 5. cxd5 d6 6. Nf3 g6 7. Nd2 Nbd7 8. Nc4 Nb6 9. e4 Nxc4 10. Bxc4 Bg7 11. O-O O-O 12. h3 Re8 13. Re1 a6 14. a4 Rb8 15. a5 b5 16. axb6 Rxb6 17. Bf1 Rb4 18. Qc2 Qb6 19. Ra4 Bd7 20. Rxa6 Qb8 21. Ra2 Nh5 22. Be2 f5 23. Bxh5 gxh5 24. Bd2 Bxc3 25. Bxc3 Rbxe4 26. Rxe4 Rxe4 27. Qd2 f4 28. Qd1 Qe8 29. Qa1 Qg6 30. Ra8+ Be8 31. Ra7 Bf7 32. Qd1 h4 33. Qf3 Bxd5 34. Kh2 Re5 35. Qg4 Qxg4 36. hxg4 Rg5 37. f3 Be6 38. Ra6 Rd5 39. Ra8+ Kf7 40. Ra7+ Kg6 41. Rg7+ Kh6 42. Re7 1-0


[Site "https://www.chess.com"]

[Event "Titled Tuesday Blitz November 29 Late 2022"]
[White "Hansen, Eric"]
[Black "Naroditsky, Daniel"]
[WhiteFideId "2606771"]
[BlackFideId "2026961"]
[WhiteElo "2568"]
[BlackElo "2628"]
[Result "1/2-1/2"]
[Round "11"]
[TimeControl "180+1"]
[Date "2022.11.30"]
[WhiteClock "0:00:33"]
[BlackClock "0:01:39"]

1. e4 c6 2. Nf3 d5 3. d3 Qc7 4. Nc3 dxe4 5. dxe4 e5 6. Bc4 b5 7. Bb3 h6 8. a4 b4 9. Nb1 Nd7 10. Qe2 Ngf6 11. Be3 Nc5 12. Bxc5 Bxc5 13. O-O O-O 14. Nbd2 Bg4 15. h3 Bh5 16. Qc4 Be7 17. g4 Bg6 18. Nh4 Bh7 19. Nf5 Rad8 20. Nf3 h5 21. g5 Ne8 22. Qxc6 Bxf5 23. Qxc7 Nxc7 24. exf5 e4 25. Rae1 exf3 26. Re2 Nd5 1/2-1/2


[Site "https://www.chess.com"]

[Event "Titled Tuesday Blitz November 29 Late 2022"]
[White "Harish, Neeraj"]
[Black "Stanisz, Patryk"]
[WhiteFideId "30958130"]
[BlackFideId "1123106"]
[WhiteElo "1815"]
[BlackElo "2069"]
[Result "0-1"]
[Round "11"]
[TimeControl "180+1"]
[Date "2022.11.30"]
[WhiteClock "0:00:03"]
[BlackClock "0:00:48"]

1. e4 c5 2. Nf3 Nc6 3. d4 cxd4 4. Nxd4 Nf6 5. Nc3 e5 6. Ndb5 d6 7. Bg5 a6 8. Na3 b5 9. Nd5 Qa5+ 10. Bd2 Qd8 11. Bg5 Be7 12. Bxf6 Bxf6 13. c3 O-O 14. Nc2 Bg5 15. a4 bxa4 16. Rxa4 a5 17. Bc4 Rb8 18. b3 Kh8 19. O-O g6 20. Nce3 f5 21. exf5 gxf5 22. f4 exf4 23. Nxf4 Qb6 24. Qf3 Ne5 25. Qh3 Bxf4 26. Rxf4 Ng4 27. Rd4 Bd7 28. Nxg4 fxg4 29. Qd3 Bxa4 30. bxa4 Qb1+ 31. Qd1 Qxd1+ 32. Rxd1 Rb2 33. Rf1 Rxf1+ 34. Kxf1 Rc2 35. g3 Rxc3 36. Bb5 Kg7 37. Kg2 Rc2+ 38. Kg1 Kf6 0-1


[Site "https://www.chess.com"]

[Event "Titled Tuesday Blitz November 29 Late 2022"]
[White "Hjartarson, Johann"]
[Black "Al-Tarboush, Ward"]
[WhiteFideId "2300044"]
[BlackFideId "7601450"]
[WhiteElo "2458"]
[BlackElo "2273"]
[Result "0-1"]
[Round "11"]
[TimeControl "180+1"]
[Date "2022.11.30"]
[WhiteClock "0:00:04"]
[BlackClock "0:00:03"]

1. e4 b6 2. d4 Bb7 3. Bd3 e6 4. Ne2 c5 5. O-O cxd4 6. Nxd4 Bc5 7. Be3 Ne7 8. Nd2 O-O 9. c3 Nbc6 10. N2b3 Bd6 11. f4 f5 12. e5 Bc7 13. Qe2 Nd5 14. Bd2 Kh8 15. Rad1 Qh4 16. g3 Qh3 17. Nb5 Bb8 18. Nd6 Bxd6 19. exd6 Nf6 20. Be3 Ng4 21. Bc1 Rae8 22. Rfe1 e5 23. Qc2 exf4 24. Bf1 Qh5 25. gxf4 Rxe1 26. Rxe1 Qg6 27. Bg2 Qxd6 28. h3 Nh6 29. Rd1 Qe6 30. Qd3 Rd8 31. Be3 Ng8 32. Bf2 Nf6 33. Bh4 Na5 34. Re1 Be4 35. Qd4 Nc6 36. Qd2 d5 37. Nd4 Nxd4 38. Qxd4 Rf8 39. Qe5 Qc6 40. Bxf6 gxf6 41. Qe7 Rg8 42. Re2 d4 0-1


[Site "https://www.chess.com"]

[Event "Titled Tuesday Blitz November 29 Late 2022"]
[White "Hoffmann, Asa"]
[Black "chess50years"]
[WhiteFideId "2001470"]
[WhiteElo "2117"]
[BlackElo "2176"]
[Result "1/2-1/2"]
[Round "11"]
[TimeControl "180+1"]
[Date "2022.11.30"]
[WhiteClock "0:00:12"]
[BlackClock "0:00:50"]

1. d4 d5 2. Bg5 Bf5 3. c4 c6 4. Nc3 Qb6 5. cxd5 Qxb2 6. Qc1 Qxc1+ 7. Rxc1 Nf6 8. Bxf6 gxf6 9. e4 Bd7 10. Nf3 e6 11. Bd3 Bb4 12. dxc6 Nxc6 13. O-O Rc8 14. d5 Ne5 15. Nxe5 fxe5 16. Nb5 Rxc1 17. Rxc1 exd5 18. Nc7+ Kd8 19. Nxd5 Bd6 20. Bc4 Be6 21. Ne3 Ke7 22. Bxe6 Kxe6 23. Nf5 Rd8 24. Rd1 Bc7 25. Rxd8 Bxd8 26. Kf1 b5 27. Ke2 Kd7 28. g4 a5 29. Ne3 Kc6 30. Kd3 Kc5 31. Nd5 a4 32. a3 Ba5 33. Nf6 h6 34. Ng8 b4 35. axb4+ Bxb4 36. Nxh6 a3 37. Kc2 Kc4 38. Nxf7 a2 39. Kb2 Kd4 40. Kxa2 Kxe4 41. h4 Bd2 42. Nxe5 Kxe5 43. g5 Ke4 44. Kb3 Kf3 45. Kc4 Kxf2 46. g6 Bh6 47. Kd5 Kf3 48. Ke5 Kg4 49. Kf6 Kxh4 50. g7 Bxg7+ 1/2-1/2


[Site "https://www.chess.com"]

[Event "Titled Tuesday Blitz November 29 Late 2022"]
[White "Indjic, Aleksandar"]
[Black "Corrales Jimenez, Fidel"]
[WhiteFideId "911925"]
[BlackFideId "3506690"]
[WhiteElo "2592"]
[BlackElo "2541"]
[Result "1-0"]
[Round "11"]
[TimeControl "180+1"]
[Date "2022.11.30"]
[WhiteClock "0:00:22"]
[BlackClock "0:00:01"]

1. d4 Nf6 2. c4 g6 3. Nc3 d5 4. Nf3 Bg7 5. h4 O-O 6. cxd5 Nxd5 7. h5 c5 8. hxg6 hxg6 9. Bh6 Bxh6 10. Rxh6 Nc6 11. Qd2 cxd4 12. Rh1 f6 13. Nxd4 Nxd4 14. Qxd4 Nxc3 15. Qh4 Kf7 16. Qh7+ Ke6 17. bxc3 Qa5 18. Rh3 Kd6 19. Rd1+ Kc6 20. Qxe7 Qc5 21. Qe4+ Kb6 22. Rb1+ Ka5 23. Rd3 Bf5 24. Rd5 Bxe4 25. Rxc5+ b5 26. Rbxb5+ Ka6 27. e3 Bxg2 28. Bxg2 Rab8 29. Rb4 Rxb4 30. cxb4 Kb6 31. a3 f5 32. Ke2 g5 33. Rc6+ Kb5 34. Rc5+ Ka4 35. Ra5+ Kb3 36. Bd5+ Kc3 37. Rxa7 f4 38. exf4 gxf4 39. b5 Kd4 40. Bc6 Rf6 41. Kf3 Kc5 42. a4 1-0


[Site "https://www.chess.com"]